 Dungeon Crawl Stone Soup version 0.29-a0-866-g0545e20025 (webtiles) character file.

Game seed: 170308101170153000

82 Ajdolov the Slasher (level 4, -1/23 HPs)
             Began as a Vine Stalker Fighter on July 17, 2022.
             Killed from afar by an orc wizard (4 damage)
             ... with a puff of flame
             ... on level 3 of the Dungeon.
             The game lasted 00:03:20 (2058 turns).

Ajdolov the Slasher (Vine Stalker Fighter)          Turns: 2058, Time: 00:03:21

Health: -1/23      AC:  9    Str: 19    XL:     4   Next: 43%
Magic:  0/5        EV:  9    Int:  8    God:
Gold:   114        SH:  5    Dex: 15    Spells: 3/3 levels left

rFire   . . .      SeeInvis .   e - +2 short sword (venom)
rCold   . . .      Faith    .   c - +0 buckler
rNeg    . . .      Spirit   +   b - +0 scale mail
rPois   .          Reflect  .   k - +1 helmet
rElec   .          Harm     .   (no cloak)
rCorr   .          Rampage  .   (no gloves)
Will    .....                   i - +0 pair of boots
Stlth   ..........              (no amulet)
HPRegen 0.87/turn               (no ring)
MPRegen 0.09/turn               (no ring)

@: no status effects
A: fangs 2, regeneration 1, magic shield, antimagic bite, no potion heal 2
a: no special abilities


You were on level 3 of the Dungeon.
You visited 1 branch of the dungeon, and saw 3 of its levels.

You collected 114 gold pieces.

Inventory:

Hand Weapons
 a - a +0 long sword
 e - a +2 short sword of venom (weapon)
Armour
 b - a +0 scale mail (worn)
 c - a +0 buckler (worn)
 i - a +0 pair of boots (worn)
 k - a +1 helmet (worn)
Scrolls
 f - a scroll of teleportation {unknown}
 h - a scroll of identify
 j - 2 scrolls of enchant weapon
Potions
 d - a potion of might


   Skills:
 - Level 2.6 Fighting
 * Level 3.5 Long Blades
 - Level 2.4 Armour
 + Level 3.4 Shields


You had 3 spell levels left.
You didn't know any spells.
Your spell library contained the following spells:

 Spells                   Type           Power      Damage    Failure   Level
 Anguish                  Hex/Necr       0%         N/A       100%        4
 Enfeeble                 Hex            0%         N/A       100%        7


Dungeon Overview and Level Annotations

Branches:
Dungeon (3/15)

Altars:
Qazlal


Innate Abilities, Weirdness & Mutations

You have extremely sharp teeth.
Your natural rate of healing is unusually fast.
When hurt, damage is shared between your health and your magic reserves.
Your bite disrupts and absorbs the magic of your enemies.
Potions cannot restore your health.


Message History

* * * LOW HITPOINT WARNING * * *
The orc wizard casts a spell.
The orc wizard flickers and vanishes!
Deactivating autopickup; reactivate with Ctrl-A.
An orc comes into view. It is wielding a +0 short sword.
You miss something. Your bite misses something.
A bat comes into view.
The hobgoblin hits you but does no damage.
A kobold comes into view. It is wielding a +0 dagger.
Something hits you.
Unknown command.
You completely miss the orc wizard.
The kobold shouts!
The hobgoblin closely misses you. Something hits you but does no damage.
The orc wizard hits you but does no damage.
The orc misses you.
The hobgoblin hits you but does no damage.
An endoplasm comes into view.
You hear some strange, mumbled words.
Something tries to affect you, but you resist.
The orc wizard hits you but does no damage.
The orc barely misses you.
As you read the scroll labelled INEP KEUMUASTI, it crumbles to dust.
It is a scroll of identify.
j - 2 scrolls of enchant weapon An adder comes into view.
The hobgoblin hits you but does no damage.
The orc hits you but does no damage.
The orc wizard hits you with a +0 dagger.
* * * LOW HITPOINT WARNING * * *
Something hits you but does no damage.
You are lethally poisoned!
Your system rejects the healing.
You feel better.
The adder hisses angrily.
The hobgoblin barely misses you. The orc hits you with a +0 whip.
* * * LOW HITPOINT WARNING * * *
You hear some strange, mumbled words.
A puff of flame appears from out of thin air!
The puff of flame hits you.
You die...

#..###.^^#^.≈
......#.....≈^^#^.^^ .
#..#.........^≈≈§.≈.## ...
##..#...#....≈§..≈..(≈≈
....#...#...#........._..(.
....J............(≈^§^..^^.
.....#.K..b#......#§#....##
.........#o##...)..§≈...#^#
#....#.og@.#....^^##...#.#
#.!.##{o...[...^...^..^
.......).#o#†.....###..####
..######.#..#.##### #.#####
#.#..#.#######)##...
##.#..#.....#..<.#...
#.o...†...#..........
#......)..#......#...
...............#.#....####


You could see an orc priest, an orc wizard, 2 orcs, an endoplasm, a hobgoblin, a
bat and a kobold.

Vanquished Creatures
  3 adders (D:2)
  A worm (D:2)
  2 dart slugs (D:1)
  3 orcs (D:3)
  6 bats
  3 endoplasms
  A giant cockroach (D:1)
  2 goblins
  2 hobgoblins
  2 jackals (D:2)
  2 quokkas
  3 ball pythons
  3 frilled lizards
  8 kobolds
  4 rats
45 creatures vanquished.

Vanquished Creatures (others)
  An orc (D:3)
1 creature vanquished.

Grand Total: 46 creatures vanquished

Notes
Turn   | Place    | Note
-------+----------+-------------------------------------------
     0 | D:1      | Ajdolov the Vine Stalker Fighter began the quest for the
                  | Orb.
     0 | D:1      | Reached XP level 1. HP: 11/11 MP: 2/2
   502 | D:1      | Found a faded altar of an unknown god.
   541 | D:1      | Reached XP level 2. HP: 16/16 MP: 3/3
  1392 | D:2      | Reached XP level 3. HP: 19/19 MP: 4/4
  1701 | D:2      | Gained mutation: Your natural rate of healing is unusually
                  | fast. [Vine Stalker growth]
  1701 | D:2      | Reached XP level 4. HP: 23/23 MP: 5/5
  1929 | D:3      | Found a stormy altar of Qazlal.
  2058 | D:3      | Killed from afar by an orc wizard

Illustrated notes

Levels and vault maps discovered:
D:1:      roderic_octagonal_star, layout_basic, chequers_ecumenical_altar_simple
D:2:      layout_rooms
D:3:      layout_rooms, grunt_qazlal_sundering

Skill      XL: |  1  2  3 |
---------------+----------+-----
Long Blades    | 2 3 |  3.5
Shields        | 3 |  3.4
Fighting       | |  2.6
Armour         | |  2.4

Action                   |  1- 3 |  4- 6 || total
-------------------------+-------+-------++-------
Melee: Long sword        |    15 |       ||    15
       Short sword       |    60 |    39 ||    99
       Bite              |    16 |     6 ||    22
  Use: Potion            |       |     2 ||     2
       Scroll            |       |     1 ||     1
Armor: Scale mail        |    45 |    29 ||    74
Dodge: Dodged            |    33 |    20 ||    53
Block: Buckler           |    20 |    14 ||    34

Table legend: (Time is in decaauts)
 A = Elapsed time spent in this place.
 B = Non-inter-level travel time spent in this place.
 C = Inter-level travel time spent in this place.
 D = Time resting spent in this place.
 E = Time spent auto-exploring this place.
 F = Levels seen in this place.
 G = Mean time per level.
                   A        B        C        D        E       F      G
               +--------+--------+--------+--------+--------+-----+--------+
         Total |   2067 |   2015 |     52 |    362 |   1325 |   3 |  689.0 |
       Dungeon |   2067 |   2015 |     52 |    362 |   1325 |   3 |  689.0 |
               +--------+--------+--------+--------+--------+-----+--------+

Top non-repeatable levels by time:
     D:1: 1395 daAuts
     D:2: 540 daAuts
     D:3: 131 daAuts
